 Dungeon Crawl Stone Soup version 0.18.1-50-g88ac8fd (webtiles) character file.

611 Gargoyl the Covered (level 7, -4/55 HPs)
             Began as a Demonspawn Abyssal Knight on Oct 26, 2016.
             Was a Believer of Lugonu.
             Slain by an ogre
             ... wielding a +0 giant club
              (16 damage)
             ... on level 5 of the Dungeon.
             The game lasted 00:07:10 (4695 turns).

Gargoyl the Covered (Demonspawn Abyssal Knight)     Turns: 4695, Time: 00:07:11

Health: -4/55      AC: 17    Str: 14    XL:     7   Next: 20%
Magic:  10/10      EV:  4    Int: 13    God:    Lugonu [**....]
Gold:   194        SH:  0    Dex: 13    Spells: 0 memorised, 6 levels left

rFire  . . .     SeeInvis .     x - +0 war axe
rCold  . . .     Gourm    .     d - +0 plate armour
rNeg   . . .     Faith    .     (no shield)
rPois  .         Spirit   .     k - +0 helmet
rElec  .         Dismiss  .     (no cloak)
rCorr  .         Reflect  .     (no gloves)
SustAt .         Harm     .     v - +0 pair of boots (curse)
MR     .....                    (no amulet)
Stlth  ..........               (no ring)
                                h - +2 ring of slaying

@: about to teleport, not resistant to hostile enchantments, extremely
unstealthy
A: yellow scales 2, nightstalker 1
a: Depart the Abyss, Bend Space, Renounce Religion


You were on level 5 of the Dungeon.
You worshipped Lugonu.
Lugonu was pleased with you.
You were near starving.

You visited 1 branch of the dungeon, and saw 5 of its levels.
You visited the Abyss 1 time.

You collected 194 gold pieces.

Inventory:

Hand Weapons
 x - a +0 war axe (weapon)
 z - a +2 hand axe of flaming
Missiles
 y - 4 tomahawks (quivered)
Armour
 d - a +0 plate armour (worn)
 k - a +0 helmet (worn)
 v - a cursed +0 pair of boots (worn)
Jewellery
 h - a +2 ring of slaying (left hand)
Wands
 u - a wand of flame (48/48)
Scrolls
 e - 2 scrolls of recharging
 j - a scroll of magic mapping
 m - a scroll of remove curse
 p - a scroll of teleportation
Potions
 b - 4 potions of curing
 f - a potion of degeneration {unknown}
 g - 4 potions of haste {unknown}
 i - a potion of invisibility {unknown}
 n - a potion of mutation {unknown}
 s - 2 potions of resistance {unknown}
 t - a potion of heal wounds
 w - a potion of magic {unknown}
Books
 r - a book of Flames

   Spells                             Type                      Level
   a - Flame Tongue                   Conjuration/Fire             1
   b - Throw Flame                    Conjuration/Fire             2
   c - Conjure Flame                  Conjuration/Fire             3
   d - Inner Flame                    Hexes/Fire                   3
   e - Sticky Flame                   Conjuration/Fire             4
   f - Fireball                       Conjuration/Fire             5
Comestibles
 a - a slice of pizza
 c - 5 bread rations
 l - 3 beef jerkies
 o - 5 meat rations
 q - 3 fruits


   Skills:
 + Level 4.4 Fighting
 + Level 3.0 Axes
 * Level 5.3 Armour
 + Level 1.1 Dodging
 * Level 4.8 Invocations


You had 6 spell levels left.
You didn't know any spells.

Dungeon Overview and Level Annotations

Branches:
Dungeon (5/15)
 Temple: D:4-7

Altars:
Kikubaaqudgha
Makhleb
Nemelex Xobeh
Okawaru

Annotations:
D:5 Eustachio


Innate Abilities, Weirdness & Mutations

You are mostly covered in yellow scales (AC +3).
You are slightly more attuned to the shadows.


Message History

The ogre is almost dead.
The ogre hits you but does no damage.
The ufetubus hits you but does no damage.
The ufetubus barely misses you.
You hit the ogre.
The ogre is almost dead.
You hit the ufetubus.
The ufetubus is heavily wounded.
The ufetubus hits you. The ufetubus barely misses you.
The ogre hits you with a giant club!
* * * LOW HITPOINT WARNING * * *
The ufetubus hits you but does no damage. x2
Okay, then.
Unknown command.
Read which item? (? for menu, Esc to quit)
As you read the scroll of teleportation, it crumbles to dust.
You feel strangely unstable. The ufetubus completely misses you.
The ufetubus hits you but does no damage.
The ogre hits you with a giant club!
You die...

#.# #.##.# ########
#.##.# .......#
#.##.# .......#
#.##.# .......#
#.##.#
.......###.##.#######
.....>@5@............
......O#...##.#######
.......#.####.#######
.......#.#..#........
.....................
.#.....#....<.#######
#########.##.# #. #.#
# #.#


You could see Eustachio, an ogre and an ufetubus.

Vanquished Creatures
  The ghost of Tyryt0 the Covert, an amateur OpAs (D:3)
  Edmund (D:4)
  An orc priest (D:3)
  An orc wizard (D:4)
  A hound (D:4)
  Jessica (D:3)
  2 worker ants (D:4)
  6 adders
  4 worms
  2 dart slugs
  2 giant geckos
  14 orcs
  6 bats
  3 giant cockroaches
  8 goblins
  8 hobgoblins
  2 quokkas
  2 ball pythons (D:3)
  A giant newt (D:1)
  6 kobolds
  3 rats (D:3)
75 creatures vanquished.

Notes
Turn   | Place    | Note
--------------------------------------------------------------
     0 | Abyss:1  | Gargoyl the Demonspawn Abyssal Knight began the quest for the Orb.
     0 | Abyss:1  | Reached XP level 1. HP: 18/18 MP: 2/2
    81 | Abyss:2  | Noticed a large abomination
   130 | Abyss:2  | Noticed a wight
   130 | Abyss:2  | Noticed a smoke demon
   131 | D:1      | Escaped the Abyss
   433 | D:1      | Reached * piety under Lugonu
   433 | D:1      | Gained mutation: You are partially covered in yellow scales (AC +2). [demonic ancestry]
   433 | D:1      | Reached XP level 2. HP: 19/24 MP: 3/3
   581 | D:1      | Found a sparkling altar of Nemelex Xobeh.
   654 | D:1      | Reached skill level 2 in Armour
   869 | D:2      | Reached XP level 3. HP: 12/29 MP: 5/5
  2238 | D:3      | Noticed Jessica
  2240 | D:3      | Reached XP level 4. HP: 34/37 MP: 6/6
  2253 | D:3      | Killed Jessica
  2352 | D:3      | Reached skill level 3 in Armour
  2419 | D:3      | Found an ancient bone altar of Kikubaaqudgha.
  2504 | D:3      | Noticed Tyryt0's ghost (amateur OpAs)
  2558 | D:3      | Killed Tyryt0's ghost
  2558 | D:3      | Reached skill level 4 in Armour
  2558 | D:3      | Reached skill level 1 in Dodging
  2558 | D:3      | Gained mutation: You are slightly more attuned to the shadows. [demonic ancestry]
  2558 | D:3      | Reached XP level 5. HP: 40/42 MP: 6/8
  2558 | D:3      | Reached XP level 6. HP: 46/48 MP: 6/9
  2856 | D:3      | Reached ** piety under Lugonu
  2964 | D:3      | Found a sparkling altar of Nemelex Xobeh.
  3415 | D:4      | Found an iron altar of Okawaru.
  3459 | D:4      | Noticed Edmund
  3483 | D:4      | Killed Edmund
  3956 | D:4      | Reached skill level 5 in Armour
  3981 | D:4      | Gained mutation: You are mostly covered in yellow scales (AC +3). [demonic ancestry]
  3981 | D:4      | Reached XP level 7. HP: 54/54 MP: 10/10
  4524 | D:4      | Found a burning altar of Makhleb.
  4670 | D:5      | Entered Level 5 of the Dungeon
  4677 | D:5      | Noticed Eustachio
  4695 | D:5      | Slain by an ogre

Skill      XL: |  1  2  3  4  5  6  7 |
---------------+----------------------+-----
Armour         | 2 4 5 |  5.3
Axes           | 2 3 |  3.0
Invocations    | 3 4 |  4.8
Fighting       | 4 |  4.4
Dodging        | 1 |  1.1

Action                   |  1- 3 |  4- 6 |  7- 9 || total
-------------------------+-------+-------+-------++-------
Melee: Hand axe          |   176 |    14 |       ||   190
       War axe           |       |   172 |    61 ||   233
Invok: Depart the Abyss  |     1 |       |       ||     1
  Use: Potion            |       |     3 |       ||     3
       Scroll            |       |    10 |     3 ||    13
 Stab: Distracted        |     1 |       |       ||     1
  Eat: Bread ration      |     1 |       |       ||     1
       Chunk             |       |     6 |     1 ||     7
Armor: Plate armour      |   162 |   195 |    74 ||   431
Dodge: Dodged            |    38 |    45 |    22 ||   105
